 Dungeon Crawl Stone Soup version 0.26-b1-32-g5d43845318 (webtiles) character file.

Game seed: 16922960563352247026

319 Borgoz the Skirmisher (level 6, 0/52 HPs)
             Began as a Ghoul Gladiator on Jan 13, 2021.
             Was an Initiate of Okawaru.
             Slain by a phantom (8 damage)
             ... on level 4 of the Dungeon.
             The game lasted 00:04:29 (4451 turns).

Borgoz the Skirmisher (Ghoul Gladiator)             Turns: 4451, Time: 00:04:30

Health: 0/52       AC:  7    Str: 20    XL:     6   Next: 45%
Magic:  5/5        EV: 12    Int:  3    God:    Okawaru [......]
Gold:   182        SH:  0    Dex: 10    Spells: 5/5 levels left

rFire    . . .     SeeInvis .   a - +0 flail
rCold    + + .     Faith    .   (no shield)
rNeg     + + +     Spirit   .   o - +0 ring mail
rPois    ∞         Reflect  .   c - +0 helmet
rElec    .         Harm     .   r - +0 cloak
rCorr    .         Rampage  .   (no gloves)
Will     .....                  (no boots)
Stlth    +.........             (no amulet)
HPRegen  0.00/turn              m - ring of protection from cold
MPRegen  0.09/turn              p - ring of stealth

@: no status effects
A: claws 1, cold resistance 1, negative energy resistance 3, inhibited
regeneration, torment resistance, unbreathing
a: Renounce Religion


You were on level 4 of the Dungeon.
You worshipped Okawaru.
Okawaru was noncommittal.
You visited 1 branch of the dungeon, and saw 4 of its levels.

You collected 182 gold pieces.

Inventory:

Hand Weapons
 a - a +0 flail (weapon)
Missiles
 t - a throwing net (quivered)
Armour
 c - a +0 helmet (worn)
 o - a +0 ring mail (worn)
 r - a +0 cloak (worn)
Jewellery
 m - a ring of protection from cold (left claw)
 p - a ring of stealth (right claw)
Wands
 q - a wand of random effects (16)
Scrolls
 g - 5 scrolls of remove curse
 h - a scroll of magic mapping {unknown}
 j - 2 scrolls of enchant weapon {unknown}
 n - a scroll of noise {unknown}
Potions
 d - a potion of resistance {unknown}
 e - 2 potions of degeneration {unknown}
 f - a potion of curing
 i - 2 potions of flight {unknown}
 k - a potion of heal wounds {unknown}
 l - 4 potions of lignification {unknown}
 u - 2 potions of brilliance {unknown}
 v - 2 potions of attraction {unknown}
 w - a potion of magic


   Skills:
 * Level 4.0 Fighting
 * Level 3.9 Maces & Flails
 - Level 1.7 Throwing
 * Level 2.5 Armour
 * Level 3.8 Dodging
 + Level 1.0 Invocations


You had 5 spell levels left.
You didn't know any spells.
Your spell library was empty.

Dungeon Overview and Level Annotations

Branches:
Dungeon (4/15)
 Temple: D:4-7

Altars:
Fedhas
Makhleb
Okawaru
Trog
Wu Jian


Innate Abilities, Weirdness & Mutations

You thrive by killing the living.
You are immune to poison.
You have sharp fingernails.
Your flesh is cold resistant. (rC+)
You are immune to negative energy. (rN+++)
You do not regenerate when monsters are visible.
You are immune to unholy pain and torment.
You can survive without breathing.


Message History

The phantom barely misses you.
You closely miss the phantom.
The phantom is severely damaged.
The phantom misses you.
You hit the phantom.
The phantom is almost destroyed.
The phantom blinks!
The phantom blinks!
You closely miss the phantom.
The phantom is severely damaged.
The phantom blinks!
The phantom blinks!
The phantom hits you but does no damage.
You completely miss the phantom.
The phantom is severely damaged.
The phantom completely misses you.
You hit the phantom.
The phantom is almost destroyed.
The phantom hits you!
You die...

#.....# .#.)......#
#)....##.#........# .
#.....##..........# ...
#.##..#...##.....##
...####.##.....# #.....#
.........##(..## #.....##
..............# #.##...##
#.##........#.##..##.#..#
#.###........@...###.##.######
#.# #........W.>## #.##.......
#.###.............##.##.†.....
#.##...........##....)#.......
#[#...†........>..##..........
#)#.#..†.......##.............
#.#.##.......#^##...?..>...###
#.#.#..........##...........#
#<................S...........


You could see a phantom.

Vanquished Creatures
  An ogre (D:4)
  Crazy Yiuf (D:2)
  Ijyb (D:3)
  An orc wizard (D:4)
  A gnoll (D:1)
  6 adders
  2 oozes (D:1)
  A worm (D:2)
  2 leopard geckos (D:2)
  3 orcs (D:4)
  6 giant cockroaches
  7 goblins
  7 hobgoblins
  7 kobolds
  3 quokkas
  3 ball pythons
  10 bats
  5 frilled lizards
  A quokka zombie (D:4)
  11 rats
79 creatures vanquished.

Vanquished Creatures (others)
  2 plants (D:2)
2 creatures vanquished.

Grand Total: 81 creatures vanquished

Notes
Turn   | Place    | Note
-------+----------+-------------------------------------------
     0 | D:1      | Borgoz the Ghoul Gladiator began the quest for the Orb.
     0 | D:1      | Reached XP level 1. HP: 17/17 MP: 0/0
     2 | D:1      | Noticed a dwarf
     2 | D:1      | Noticed a minotaur
     4 | D:1      | Noticed a ghoul
     4 | D:1      | Noticed a troll
     6 | D:1      | Noticed a human
     8 | D:1      | Noticed a vine stalker
    10 | D:1      | Noticed a demigod
    10 | D:1      | Noticed a formicid
    12 | D:1      | Noticed a gargoyle
    12 | D:1      | Noticed a centaur
    14 | D:1      | Noticed a felid
    14 | D:1      | Noticed an elf
    16 | D:1      | Noticed a spriggan
    16 | D:1      | Noticed a draconian
    18 | D:1      | Noticed a vampire
    20 | D:1      | Noticed a tengu
    22 | D:1      | Noticed a naga
    22 | D:1      | Noticed an ogre
    24 | D:1      | Noticed a merfolk
    24 | D:1      | Noticed a halfling
    26 | D:1      | Noticed a demonspawn
    26 | D:1      | Noticed an octopode
   123 | D:1      | Reached XP level 2. HP: 8/25 MP: 1/1
   362 | D:1      | Reached skill level 1 in Armour
   362 | D:1      | Reached XP level 3. HP: 23/30 MP: 2/2
  1150 | D:2      | Reached XP level 4. HP: 20/37 MP: 3/3
  1331 | D:2      | Reached skill level 3 in Fighting
  1456 | D:2      | Found a runed translucent door.
  1457 | D:2      | Noticed Crazy Yiuf
  1552 | D:2      | Found a blossoming altar of Fedhas.
  2018 | D:2      | Killed Crazy Yiuf
  2019 | D:2      | Reached XP level 5. HP: 37/45 MP: 4/4
  2097 | D:3      | Found an ornate altar of the Wu Jian Council.
  2097 | D:3      | Found a bloodstained altar of Trog.
  2097 | D:3      | Found a burning altar of Makhleb.
  2097 | D:3      | Found an iron altar of Okawaru.
  2104 | D:3      | Noticed Ijyb
  2310 | D:3      | Killed Ijyb
  2377 | D:3      | Became a worshipper of Warmaster Okawaru
  3006 | D:4      | Noticed an ogre
  3006 | D:4      | Noticed a phantom
  3014 | D:4      | Killed an ogre
  3015 | D:4      | Reached XP level 6. HP: 27/52 MP: 5/5
  4296 | D:4      | Reached skill level 4 in Fighting
  4296 | D:4      | Reached skill level 1 in Invocations
  4451 | D:4      | Slain by a phantom

Illustrated notes

Levels and vault maps discovered:
D:1:      kb_arrival_jail, layout_basic, minmay_cupped
D:2:      layout_loops_ring, fedhas_ov_isle_minmay, uniq_crazy_yiuf_cottage
D:3:      layout_basic, chequers_temple_overflow_statue_of_worship, uniq_ijyb
D:4:      layout_rooms

Skill      XL: |  1  2  3  4  5  6 |
---------------+-------------------+-----
Maces & Flails | 3 |  3.9
Armour         | 1 2 |  2.5
Dodging        | 3 |  3.8
Fighting       | 3 4 |  4.0
Invocations    | 1 |  1.0
Throwing       | |  1.7

Action                   |  1- 3 |  4- 6 || total
-------------------------+-------+-------++-------
Melee: Flail             |   102 |   250 ||   352
Throw: Throwing net      |     1 |     3 ||     4
  Use: Scroll            |     1 |     4 ||     5
 Stab: Held in net/web   |       |     1 ||     1
       Sleeping          |       |     1 ||     1
Armor: Leather armour    |    32 |    77 ||   109
       Ring mail         |       |     7 ||     7
Dodge: Dodged            |    85 |   200 ||   285
Block: Buckler           |       |     5 ||     5
